 Dungeon Crawl Stone Soup version 0.29-a0-653-gd47aff6735 (webtiles) character file.

Game seed: 3651389507797056356

4 omnomnOMINOUS the Charlatan (level 1, -2/11 HPs)
             Began as an Octopode Wanderer on June 22, 2022.
             Frozen to death by an endoplasm (4 damage)
             ... on level 1 of the Dungeon.
             The game lasted 00:00:46 (96 turns).

omnomnOMINOUS the Charlatan (Octopode Wanderer)       Turns: 96, Time: 00:00:46

Health: -2/11      AC:  1    Str:  8    XL:     1   Next: 70%
Magic:  1/1        EV: 12    Int: 12    God:
Gold:   0          SH:  6    Dex: 16    Spells: 0/0 levels left

rFire   . . .      SeeInvis .   a - +0 dagger
rCold   . . .      Faith    .   e - +2 buckler
rNeg    . . .      Spirit   .   (helmet restricted)
rPois   .          Reflect  .   (no amulet)
rElec   .          Harm     .   (no ring)
rCorr   .          Rampage  .   (no ring)
Will    .....                   (no ring)
Stlth   ++........              (no ring)
HPRegen 0.03/turn               (no ring)
MPRegen 0.07/turn               (no ring)
                                (no ring)
                                (no ring)

@: no status effects
A: almost no armour, amphibious, 8 rings, camouflage 1, gelatinous body 1,
(nimble swimmer 1), tentacles
a: no special abilities


You were on level 1 of the Dungeon.
You visited 1 branch of the dungeon, and saw 1 of its levels.

Inventory:

Hand Weapons
 a - a +0 dagger (weapon)
Armour
 e - a +2 buckler (worn)
Wands
 c - a wand of polymorph (5) (quivered)
Scrolls
 g - a scroll of identify {unknown}
Potions
 b - a potion of curing
 d - a potion of attraction
 f - a potion of might {unknown}


   Skills:
 + Level 0.3 Fighting
 + Level 0.4 Dodging
 + Level 2.1 Shields
 - Level 3.0 Unarmed Combat
 + Level 0.2 Spellcasting
 - Level 1.0 Invocations
 - Level 4.3 Evocations


You couldn't memorise any spells.
You didn't know any spells.
Your spell library was empty.

Dungeon Overview and Level Annotations

Branches:
Dungeon (1/15)

Altars:


Innate Abilities, Weirdness & Mutations

You cannot wear most types of armour.
You are amphibious.
You can wear up to eight rings at the same time.
Your skin changes colour to match your surroundings (Stealth+).
Your rubbery body absorbs attacks. (AC +1, EV +1)
((You are camouflaged when in or above water. (Stealth+)))
You have tentacles for arms and can constrict up to eight enemies at once.


Message History

g - a scroll labelled FIANYDDEAV A kobold comes into view.
It is wielding a +0 dagger.
A kobold is nearby!
Found 21 gold pieces.
Found a stone staircase leading down.
The kobold shouts!
An endoplasm comes into view.
Found a whip.
The kobold barely misses you.
You closely miss the kobold.
The endoplasm quivers.
Your grab misses the kobold. The kobold hits you with a +0 dagger.
You hit the kobold but do no damage. Your grab misses the kobold.
You squeeze the kobold.
You kill the kobold!
The endoplasm freezes you.
You are frozen.
You are too injured to fight recklessly!
You are too injured to fight recklessly!
You are too injured to fight recklessly!
You are too injured to fight recklessly!
You are too injured to fight recklessly!
You are too injured to fight recklessly!
You are too injured to fight recklessly!
You are too injured to fight recklessly!
You are too injured to fight recklessly!
You are too injured to fight recklessly!
You are too injured to fight recklessly!
You are too injured to fight recklessly!
You are too injured to fight recklessly!
You are too injured to fight recklessly!
You are too injured to fight recklessly!
You hit the endoplasm but do no damage. You squeeze the endoplasm.
The endoplasm is severely wounded.
The endoplasm freezes you.
You are frozen.
* * * LOW HITPOINT WARNING * * *
You hit the endoplasm but do no damage.
The endoplasm is severely wounded.
The endoplasm freezes you.
You are frozen.
You die...

######### ########
#.....>.# ...#...##
#.......###.....>..##
#[......#...#..$....#
#..........###...$..#
#.......#...#.......#
##.......##.....)...#
.†.......##....#@..##
...########.####J..#
##.# #.# .)#.# ...#
#.# .....# ##.###
........ # .....#
........# .....#
#.....## .....#
##...## .....#


You could see an endoplasm.

Vanquished Creatures
  A hobgoblin (D:1)
  A kobold (D:1)
  A bat (D:1)
  A frilled lizard (D:1)
  A rat (D:1)
5 creatures vanquished.

Notes
Turn   | Place    | Note
-------+----------+-------------------------------------------
     0 | D:1      | omnomnOMINOUS the Octopode Wanderer began the quest for the
                  | Orb.
     0 | D:1      | omnomnOMINOUS set off with the following items: a +0
                  | dagger, a potion of curing, a wand of polymorph (5), a
                  | potion of attraction, a +2 buckler.
     0 | D:1      | Reached XP level 1. HP: 11/11 MP: 1/1
    96 | D:1      | Frozen to death by an endoplasm

Illustrated notes

Levels and vault maps discovered:
D:1:      amcnicky_arrival_gap_in_the_tavern_cellar, layout_loops_cross

Action                   || total
-------------------------++-------
Melee: Dagger            ||     9
       Tentacles         ||     3
       Constrict         ||     1
 Stab: Sleeping          ||     2
Dodge: Dodged            ||     2
Block: Buckler           ||     1

Table legend: (Time is in decaauts)
 A = Elapsed time spent in this place.
 B = Non-inter-level travel time spent in this place.
 C = Inter-level travel time spent in this place.
 D = Time resting spent in this place.
 E = Time spent auto-exploring this place.
 F = Levels seen in this place.
 G = Mean time per level.
                   A        B        C        D        E       F      G
               +--------+--------+--------+--------+--------+-----+--------+
         Total |     96 |     96 |      0 |      0 |     65 |   1 |   96.0 |
       Dungeon |     96 |     96 |      0 |      0 |     65 |   1 |   96.0 |
               +--------+--------+--------+--------+--------+-----+--------+

Top non-repeatable levels by time:
     D:1: 96 daAuts
